 Dungeon Crawl Stone Soup version 0.22-a0-422-g9628fc87f1 (webtiles) character file.

221 Kriby the Shield-Bearer (level 5, -4/50 HPs)
             Began as a Deep Dwarf Fighter on May 19, 2018.
             Killed from afar by Ijyb (7 damage)
             ... with a wand of flame (2)
             ... on level 3 of the Dungeon.
             The game lasted 00:02:50 (1749 turns).

Kriby the Shield-Bearer (Deep Dwarf Fighter)        Turns: 1749, Time: 00:02:51

Health: -4/50      AC: 11    Str: 25    XL:     5   Next: 65%
Magic:  5/5        EV:  7    Int:  9    God:
Gold:   178        SH: 10    Dex: 12    Spells: 4/4 levels left

rFire    . . .     SeeInvis .   a - +0 war axe
rCold    + . .     Gourm    .   n - +0 shield
rNeg     . . .     Faith    .   b - +0 scale mail
rPois    .         Spirit   .   (no helmet)
rElec    .         Reflect  .   (no cloak)
rCorr    .         Harm     .   (no gloves)
MR       .....                  (no boots)
Stlth    ..........             g - amulet of inaccuracy (curse)
HPRegen  0.00/turn              p - +4 ring of protection
MPRegen  0.09/turn              c - ring of protection from cold

@: mighty, non-regenerating
A: damage resistance, heal wounds, sense surroundings 1, no regeneration
a: Heal Wounds


You were on level 3 of the Dungeon.
You were not hungry.

You visited 1 branch of the dungeon, and saw 3 of its levels.

You collected 178 gold pieces.

Inventory:

Hand Weapons
 a - a +0 war axe (weapon)
Armour
 b - a +0 scale mail (worn)
 n - a +0 shield (worn)
Jewellery
 c - a ring of protection from cold (right hand)
 g - a cursed amulet of inaccuracy (around neck)
 p - a +4 ring of protection (left hand)
Scrolls
 j - a scroll of amnesia
 k - a scroll of remove curse {unknown}
 m - a scroll of fog
Potions
 e - a potion of haste {@q3}
 h - a potion of invisibility {unknown}
 i - a potion of flight {unknown}
 o - a potion of brilliance {unknown}
Comestibles
 f - 3 rations {@e1}
 l - 4 chunks of flesh


   Skills:
 + Level 3.7 Fighting
 + Level 3.7 Axes
 + Level 4.5 Armour
 + Level 4.5 Shields


You had 4 spell levels left.
You didn't know any spells.
Your spell library was empty.

Dungeon Overview and Level Annotations

Branches:
Dungeon (3/15)

Altars:
The Shining One

Annotations:
D:3 Ijyb


Innate Abilities, Weirdness & Mutations

You are resistant to damage.
You can heal yourself by infusing magical energy.
You passively map a small area around you.
You do not regenerate.


Message History

You closely miss Ijyb. Ijyb hits you but does no damage.
You closely miss Ijyb. Ijyb barely misses you.
You miss Ijyb. Ijyb hits you but does no damage.
Ijyb zaps a wand.
You block the puff of flame.
You miss Ijyb. Ijyb barely misses you.
You miss Ijyb.
Ijyb zaps a wand.
The puff of flame hits you!
Your shield and scale mail prevent you from hitting Ijyb.
Ijyb barely misses you. Ijyb hits you but does no damage.
You completely miss Ijyb. You block Ijyb's attack.
You miss Ijyb. Ijyb hits you but does no damage.
You completely miss Ijyb.
Ijyb zaps a wand.
The puff of flame hits you!
* * * LOW HITPOINT WARNING * * *
You block Ijyb's attack.
You feel very mighty all of a sudden.
Ijyb zaps a wand.
The puff of flame hits you!
* * * LOW HITPOINT WARNING * * *
You miss Ijyb. Ijyb hits you with a club.
* * * LOW HITPOINT WARNING * * *
You closely miss Ijyb.
Ijyb zaps a wand.
The puff of flame hits you!
You die...

###########
#####.........#
#.............#
#.g########'..#
#.#@.......#..#
*#.#.+####'.#..#
#..#.#....#.#..# *
#..#.#.##.#.#..#
*...#!#.##.#.#..#
g...#.#....#.#..###### ,
.....#.+####'.#).......
,
......#........#.#######
,.......+########'.#


You could see Ijyb.

Vanquished Creatures
  3 jellies (D:3)
  2 adders (D:2)
  9 oozes (D:3)
  A worm (D:2)
  3 dart slugs
  2 ball pythons (D:2)
  5 bats
  6 goblins
  4 hobgoblins
  10 jackals
  3 frilled lizards
  13 kobolds
  5 rats
66 creatures vanquished.

Vanquished Creatures (others)
  2 fungi (D:3)
  12 toadstools (D:3)
14 creatures vanquished.

Grand Total: 80 creatures vanquished

Notes
Turn   | Place    | Note
-------+----------+-------------------------------------------
     0 | D:1      | Kriby the Deep Dwarf Fighter began the quest for the Orb.
     0 | D:1      | Reached XP level 1. HP: 20/20 MP: 1/1
   228 | D:1      | Reached XP level 2. HP: 24/27 MP: 2/2
   831 | D:1      | Reached XP level 3. HP: 26/34 MP: 3/3
  1350 | D:2      | Reached XP level 4. HP: 30/42 MP: 4/4
  1592 | D:3      | Reached XP level 5. HP: 24/49 MP: 5/5
  1674 | D:3      | Found a glowing golden altar of the Shining One.
  1727 | D:3      | Noticed Ijyb
  1749 | D:3      | Killed from afar by Ijyb

Vault maps used:
D:1:      dpeg_arrival_subterranean_lakeside_camping
D:3:      cheibrodos_fertilizer, nicolae_overflow_crystal_walls, tso_altar,
          yredelemnul_altar_generic, grunt_temple_overflow_open,
          minmay_statues_item, minivault_11, uniq_natasha, uniq_ijyb

Skill      XL: |  1  2  3  4 |
---------------+-------------+-----
Fighting       | 3 |  3.7
Axes           | 3 |  3.7
Armour         | 4 |  4.5
Shields        | 4 |  4.5

Action                   |  1- 3 |  4- 6 || total
-------------------------+-------+-------++-------
Melee: War axe           |   112 |   134 ||   246
  Use: Scroll            |     3 |       ||     3
       Potion            |       |     1 ||     1
  Eat: Chunk             |     2 |     1 ||     3
Armor: Scale mail        |    56 |    84 ||   140
Dodge: Dodged            |    41 |    43 ||    84
Block: Shield            |    80 |    75 ||   155

Table legend:
 A = Spawn XP
 B = Non-spawn XP
 C = Spawn XP percentage of total XP
 D = Spawn monster count
 E = Non-spawn monster count
 F = Spawn count percentage of total count
 G = Total turns spent on level
                    A         B        C        D         E        F      G
               +---------+---------+-------+---------+---------+-------+---------
         Total |       0 |     316 |   0.0 |       0 |      66 |   0.0 |  1749
               +---------+---------+-------+---------+---------+-------+---------
           D:1 |       0 |      43 |   0.0 |       0 |      24 |   0.0 |   923
           D:2 |       0 |      56 |   0.0 |       0 |      15 |   0.0 |   489
           D:3 |       0 |     217 |   0.0 |       0 |      27 |   0.0 |   337
               +---------+---------+-------+---------+---------+-------+---------
